 Dungeon Crawl Stone Soup version 0.27.1-2-g3b301248ec (webtiles) character file.

Game seed: 4712343664638796238

154 SibleyIrresistible the Gusty (level 5, -2/31 HPs)
             Began as a Tengu Air Elementalist on Sept 26, 2021.
             Shot with an arrow by a centaur (3 damage)
             ... on level 4 of the Dungeon.
             The game lasted 00:05:55 (2882 turns).

SibleyIrresistible the Gusty (TeAE)                 Turns: 2882, Time: 00:05:56

Health: -2/31      AC:  2    Str:  9    XL:     5   Next: 35%
Magic:  7/9        EV: 14    Int: 16    God:
Gold:   170        SH:  0    Dex: 14    Spells: 7/8 levels left

rFire    . . .     SeeInvis .   g - +4 dagger (holy)
rCold    . . .     Faith    .   (no shield)
rNeg     . . .     Spirit   .   a - +0 robe
rPois    .         Reflect  .   (helmet restricted)
rElec    .         Harm     .   (no cloak)
rCorr    .         Rampage  .   (no gloves)
Will     .....                  (boots unavailable)
Stlth    ++........             (no amulet)
HPRegen  0.10/turn              (no ring)
MPRegen  0.11/turn              (no ring)

@: flying quickly and evasively, quick
A: beak, talons 3, nimble flight
a: no special abilities


You were on level 4 of the Dungeon.
You visited 1 branch of the dungeon, and saw 4 of its levels.

You collected 170 gold pieces.

Inventory:

Hand Weapons
 g - a +4 dagger of holy wrath (weapon)
Armour
 a - a +0 robe (worn)
Scrolls
 b - 3 scrolls of identify {unknown}
 e - 2 scrolls of blinking {unknown}
 f - a scroll of noise {unknown}
 h - 2 scrolls of teleportation {unknown}
Potions
 c - a potion of magic {unknown}
 d - a potion of lignification {unknown}
 i - a potion of degeneration {unknown}
 j - a potion of cancellation {unknown}
 k - a potion of curing {unknown}


   Skills:
 + Level 2.5 Fighting
 - Level 2.1 Dodging
 - Level 2.0 Stealth
 - Level 2.0 Spellcasting
 - Level 1.3 Conjurations
 * Level 6.8 Air Magic


You had 7 spell levels left.
You knew the following spells:

 Your Spells              Type           Power      Damage    Failure   Level
a - Shock                 Conj/Air       56%        1d6       3%          1

Your spell library contained the following spells:

 Spells                   Type           Power      Damage    Failure   Level
 Swiftness                Air            23%        N/A       3%          3
 Static Discharge         Conj/Air       14%        N/A       6%          2
 Airstrike                Air            11%        N/A       13%         4
 Corona                   Hex            1%         N/A       21%         1
 Mephitic Cloud           Conj/Pois/Air  10%        N/A       21%         3
 Ensorcelled Hibernation  Hex/Ice        2%         N/A       30%         2
 Frozen Ramparts          Ice            2%         1d2       52%         3
 Ignite Poison            Fire/Tmut/Pois 1%         N/A       52%         3
 Tukima's Dance           Hex            1%         N/A       52%         3
 Ice Form                 Ice/Tmut       1%         N/A       90%         4
 Summon Ice Beast         Ice/Summ       1%         N/A       90%         4
 Bolt of Magma            Conj/Fire/Erth 1%         4d4       99%         5


Dungeon Overview and Level Annotations

Branches:
Dungeon (4/15)
 Temple: D:4-7

Altars:
Cheibriados
Dithmenos
Nemelex Xobeh


Innate Abilities, Weirdness & Mutations

You have a beak for a mouth.
You have claws for feet.
Your magical nature lets you fly swiftly and evasively.


Message History

Casting: Shock (safe; 4% risk of failure)
Confirm with . or Enter, or press ? or * to list all spells.
Aiming: Shock (safe; 4% risk of failure)
Press: ? - help, Shift-Dir - straight line, f - quokka
Aim: a quokka (wandering, hasn't noticed you, 60% to hit)
The zap hits the quokka.
You kill the quokka!
HP restored.
You see here a hound corpse.
Found a leather armour.
You see here a +0 leather armour.
Found a murky yellow potion.
A centaur comes into view.
Found a shadowy altar of Dithmenos.
The centaur shouts!
The centaur wields a +0 shortbow.
The centaur shoots an arrow.
The arrow hits you.
Casting: Shock (safe; 3% risk of failure)
Confirm with . or Enter, or press ? or * to list all spells.
Aiming: Shock (safe; 3% risk of failure)
Press: ? - help, Shift-Dir - straight line, f - centaur
Aim: a centaur, wielding a +0 shortbow and quivering arrows (83% to hit)
The zap hits the centaur.
The centaur is lightly wounded.
The centaur shoots an arrow.
The arrow hits you!
Casting: Shock (safe; 3% risk of failure)
Confirm with . or Enter, or press ? or * to list all spells.
Aiming: Shock (safe; 3% risk of failure)
Press: ? - help, Shift-Dir - straight line, f/p - centaur
Aim: a centaur, wielding a +0 shortbow and quivering arrows (lightly wounded, 83% to hit)
The zap hits the centaur.
The centaur is lightly wounded.
The centaur shoots an arrow.
The arrow hits you!
The centaur shoots an arrow.
The arrow completely misses you.
You start resting.
A centaur is nearby!
The centaur shoots an arrow.
The arrow hits you!
* * * LOW HITPOINT WARNING * * *
The centaur shoots an arrow.
The arrow hits you.
You die...

### .. #####
##.##.....
#.. ......
#.##......
##.#.......
#@#........
#.#.!......
##.c........
#.##......##
##.#####..##.
#..# #.#._
#.## ....
##.#### ...
#.....### ..


You could see a centaur.

Vanquished Creatures
  A bullfrog zombie (D:3)
  A hound (D:4)
  Jessica (D:2)
  2 adders (D:3)
  3 dart slugs
  3 endoplasms
  3 giant cockroaches
  4 goblins
  3 hobgoblins
  4 jackals (D:2)
  3 quokkas
  5 ball pythons
  A frilled lizard (D:1)
  5 kobolds
  4 rats
43 creatures vanquished.

Vanquished Creatures (others)
  3 toadstools (D:1)
3 creatures vanquished.

Grand Total: 46 creatures vanquished

Notes
Turn   | Place    | Note
-------+----------+-------------------------------------------
     0 | D:1      | SibleyIrresistible the Tengu Air Elementalist began the
                  | quest for the Orb.
     0 | D:1      | Reached XP level 1. HP: 10/10 MP: 4/4
   127 | D:1      | Reached XP level 2. HP: 10/16 MP: 0/6
   644 | D:1      | Found a faded altar of an unknown god.
   714 | D:1      | Reached skill level 1 in Fighting
  1044 | D:2      | Reached skill level 5 in Air Magic
  1109 | D:2      | Noticed Jessica
  1118 | D:2      | Killed Jessica
  1119 | D:2      | Reached XP level 3. HP: 20/20 MP: 3/7
  1167 | D:2      | Found a sparkling altar of Nemelex Xobeh.
  1264 | D:2      | Reached XP level 4. HP: 13/26 MP: 1/8
  1816 | D:3      | Found a snail-covered altar of Cheibriados.
  1947 | D:3      | Reached skill level 6 in Air Magic
  2417 | D:3      | Gained mutation: Your magical nature lets you fly swiftly
                  | and evasively. [Tengu growth]
  2417 | D:3      | Reached XP level 5. HP: 30/30 MP: 6/9
  2874 | D:4      | Found a shadowy altar of Dithmenos.
  2874 | D:4      | Noticed a centaur
  2881 | D:4      | HP: 1/31 [centaur/arrow (9)]
  2882 | D:4      | Shot with an arrow by a centaur

Illustrated notes

Levels and vault maps discovered:
D:1:      lemuel_arrival_cross, layout_loops_ring,
          ebering_ecumenical_altar_mist, minmay_gold_behind_fungi
D:2:      layout_rooms, basic_altar, guppyfry_early_lair_pool, uniq_jessica
D:3:      layout_loops_ring, lemuel_crystal_altar
D:4:      layout_cave_pods, nicolae_dithmenos_through_a_glass_darkly,
          kennysheep_small_circle

Skill      XL: |  1  2  3  4 |
---------------+-------------+-----
Fighting       | 1 2 |  2.5
Air Magic      | 5 6 |  6.8
Dodging        | |  2.1
Stealth        | |  2.0
Spellcasting   | |  2.0
Conjurations   | |  1.3

Action                   |  1- 3 |  4- 6 || total
-------------------------+-------+-------++-------
Melee: Dagger            |     8 |       ||     8
       Peck              |     1 |       ||     1
 Cast: Shock             |    53 |    46 ||    99
Armor: Robe              |     2 |       ||     2
Dodge: Dodged            |     3 |     7 ||    10
